 Dungeon Crawl Stone Soup version 0.30-a0-250-g41c1d76940 (webtiles) character file.

Game seed: 17455556691032205964

95 themarg the Trooper (level 4, -2/45 HPs)
             Began as a Minotaur Monk on Oct 13, 2022.
             Slain by a human zombie (4 damage)
             ... in an ossuary.
             The game lasted 00:05:08 (2152 turns).

themarg the Trooper (Minotaur Monk)                 Turns: 2152, Time: 00:05:09

Health: -2/45      AC:  2    Str: 17    XL:     4   Next: 39%
Magic:  3/3        EV: 13    Int:  7    God:
Gold:   281        SH:  0    Dex: 13    Spells: 3/3 levels left

rFire   . . .      SeeInvis .    a - +0 mace
rCold   . . .      Faith    .    (no shield)
rNeg    . . .      Spirit   .    b - +0 robe
rPois   .          Reflect  .    (helmet restricted)
rElec   .          Harm     .    (no cloak)
rCorr   .          Rampage  .    (no gloves)
Will    .....                    (no boots)
Stlth   ++........               (no amulet)
HPRegen 0.27/turn                (no ring)
MPRegen 0.08/turn                (no ring)

@: flying
A: horns 2, retaliatory headbutt
a: no special abilities


You were in an ossuary.
You visited 1 branch of the dungeon, and saw 4 of its levels.
You also visited: Ossuary.

You collected 281 gold pieces.

Inventory:

Hand Weapons
 a - a +0 mace (weapon)
Missiles
 f - 9 poisoned darts (quivered)
 h - 45 stones
Armour
 b - a +0 robe (worn)
Jewellery
 d - a ring of ice
Scrolls
 c - a scroll of magic mapping {unknown}
 e - 4 scrolls of identify {unknown}
 i - 5 scrolls of teleportation {unknown}
 k - a scroll of noise {unknown}
 l - 2 scrolls of blinking {unknown}
 m - 2 scrolls of brand weapon {unknown}
 n - a scroll of torment {unknown}
 o - 2 scrolls of amnesia {unknown}
Potions
 g - a potion of curing {unknown}


   Skills:
 * Level 6.3 Fighting
 - Level 3.6 Maces & Flails
 - Level 3.2 Dodging
 - Level 1.5 Stealth


You had 3 spell levels left.
You didn't know any spells.
Your spell library contained the following spells:

 Spells                   Type           Power      Damage    Failure   Level
 Kiss of Death            Conj/Necr      0%         2d5       43%         1
 Confusing Touch          Hex            0%         N/A       80%         3
 Kindle Blastsparks       Fire/Tloc/Air  0%         2d10      80%         3
 Dispel Undead            Necr           0%         3d6       99%         4
 Fulminant Prism          Conj/Hex       0%         3d6       99%         4
 Iskenderun's Mystic Bla  Conj/Tloc      0%         2d3       99%         4
 Lee's Rapid Deconstruct  Erth           0%         3d5*      100%        5


Dungeon Overview and Level Annotations

Branches:
Dungeon (4/15)            Ossuary (1/1)
 Temple: D:4-7

Altars:
Gozag
Yredelemnul

Shops:
D:4 [


Innate Abilities, Weirdness & Mutations

You have a pair of horns on your head.
You reflexively headbutt those who attack you in melee.


Message History

The elf zombie hits you.
You hit the gnoll zombie. Your headbutt misses the gnoll zombie.
The gnoll zombie is lightly damaged.
The human zombie hits you. The goblin zombie hits you.
The elf zombie misses you.
You hit the gnoll zombie. You headbutt the gnoll zombie.
The gnoll zombie is heavily damaged.
The kobold zombie barely misses you. The human zombie barely misses you.
The gnoll zombie hits you.
The goblin zombie hits you but does no damage.
The elf zombie closely misses you.
You hit the gnoll zombie. You headbutt the gnoll zombie.
You destroy the gnoll zombie!
The kobold zombie hits you but does no damage.
The human zombie hits you! The human zombie closely misses you.
You furiously retaliate!
You headbutt the human zombie.
The goblin zombie hits you but does no damage.
The kobold zombie completely misses you.
You furiously retaliate!
You headbutt the kobold zombie, but do no damage.
The human zombie closely misses you. You furiously retaliate!
You headbutt the human zombie! The elf zombie misses you.
You furiously retaliate!
You headbutt the elf zombie!
It was a potion of flight.
You feel very buoyant.
You fly up into the air.
The human zombie hits you.
* * * LOW HITPOINT WARNING * * *
The goblin zombie hits you but does no damage.
The elf zombie barely misses you. You furiously retaliate!
You headbutt the elf zombie!
You feel more buoyant.
The kobold zombie completely misses you.
You furiously retaliate!
You headbutt the kobold zombie!
You destroy the kobold zombie!
The human zombie hits you.
* * * LOW HITPOINT WARNING * * *
The elf zombie hits you!
* * * LOW HITPOINT WARNING * * *
The human zombie hits you.
You die...

.................
................. .
#...............
..##...............
...................
...................
#.....ZZZ..........
#......@ZZ∩∩.......
#......ZZ..........
...................
...................
...................
..##...............
. #...............
................


You could see a goblin zombie, a gnoll zombie, 3 elf zombies and 2 human
zombies.

Vanquished Creatures
  Robin (D:1)
  An adder (D:2)
  An adder zombie (Ossuary)
  A dart slug (D:3)
  8 endoplasms
  2 giant cockroaches (D:1)
  A gnoll zombie (Ossuary)
  8 goblins
  14 hobgoblins
  A jackal (D:2)
  8 kobolds
  2 quokkas (D:3)
  2 ball pythons
  5 frilled lizards
  A goblin zombie (D:4)
  A kobold zombie (Ossuary)
  An orc zombie (Ossuary)
  6 rats
  2 rat zombies
66 creatures vanquished.

Notes
Turn   | Place    | Note
-------+----------+-------------------------------------------
     0 | D:1      | themarg the Minotaur Monk began the quest for the Orb.
     0 | D:1      | Reached XP level 1. HP: 19/19 MP: 0/0
   234 | D:1      | Reached skill level 4 in Fighting
   319 | D:1      | Reached XP level 2. HP: 28/28 MP: 1/1
   991 | D:2      | Found a faded altar of an unknown god.
  1040 | D:2      | Reached skill level 5 in Fighting
  1076 | D:2      | Noticed Robin
  1097 | D:2      | Reached XP level 3. HP: 27/36 MP: 2/2
  1125 | D:1      | Killed Robin
  1537 | D:3      | Reached XP level 4. HP: 43/44 MP: 3/3
  1547 | D:3      | Reached skill level 6 in Fighting
  1729 | D:3      | Found an opulent altar of Gozag.
  1732 | D:3      | Found a basalt altar of Yredelemnul.
  2107 | D:4      | Found Yra Cuoqaj's Armour Shoppe.
  2117 | D:4      | Found a sand-covered staircase.
  2137 | Ossuary  | Entered an ossuary
  2152 | Ossuary  | HP: 2/45 [elf zombie (7)]
  2152 | Ossuary  | Slain by a human zombie

Illustrated notes

Levels and vault maps discovered:
D:1:      kennysheep_arrival_seaside, layout_basic, minmay_box_of_dots
D:2:      layout_rooms, hellmonk_ecumenical_altar_arch_garden, minmay_between,
          uniq_robin
D:3:      layout_loops_ring, nicolae_gozag_cash_rules_everything_around_me,
          amcnicky_altar_gilded
D:4:      layout_loops_ring, mainiacjoe_overflow_boulevard, enter_ossuary_4,
          kennysheep_cluttered_room, nicolae_stop_n_shop_2
Ossuary:  ossuary_minmay_tomb_2a

Skill      XL: |  1  2  3  4 |
---------------+-------------+-----
Fighting       | 4 5 6 |  6.3
Maces & Flails | |  3.6
Dodging        | |  3.2
Stealth        | |  1.5

Action                   |  1- 3 |  4- 6 || total
-------------------------+-------+-------++-------
Melee: Mace              |    78 |    46 ||   124
       Headbutt          |     7 |     5 ||    12
       Punch             |     1 |       ||     1
  Use: Potion            |     1 |     2 ||     3
 Stab: Sleeping          |     5 |     5 ||    10
Armor: Robe              |     9 |    14 ||    23
Dodge: Dodged            |    67 |    46 ||   113

Table legend: (Time is in decaauts)
 A = Elapsed time spent in this place.
 B = Non-inter-level travel time spent in this place.
 C = Inter-level travel time spent in this place.
 D = Time resting spent in this place.
 E = Time spent auto-exploring this place.
 F = Levels seen in this place.
 G = Mean time per level.
                   A        B        C        D        E       F      G
               +--------+--------+--------+--------+--------+-----+--------+
         Total |   2181 |   2114 |     67 |      0 |   1687 |   5 |  436.2 |
       Dungeon |   2164 |   2097 |     67 |      0 |   1687 |   4 |  541.0 |
       Ossuary |     16 |     16 |      0 |      0 |      0 |   1 |   16.0 |
               +--------+--------+--------+--------+--------+-----+--------+

Top non-repeatable levels by time:
     D:1: 1041 daAuts
     D:3: 581 daAuts
     D:2: 510 daAuts
     D:4: 31 daAuts
 Ossuary: 16 daAuts
